 Dungeon Crawl Stone Soup version 0.27-a0-732-ga892ba84f6 (webtiles) character file.

Game seed: 9224075982501463352

2027 porpoise the Magician (level 9, -6/65 HPs)
             Began as a Djinni Conjurer on Mar 23, 2021.
             Was a Follower of Makhleb.
             Mangled by an orc warrior
             ... wielding a +0 war axe
              (19 damage)
             ... on level 6 of the Dungeon.
             The game lasted 00:34:35 (8272 turns).

porpoise the Magician (Djinni Conjurer)             Turns: 8272, Time: 00:34:35

Health: -6/65      AC:  7    Str:  7    XL:     9   Next: 23%
Magic:  0/0        EV: 15    Int: 27    God:    Makhleb [*.....]
Gold:   459        SH:  0    Dex: 19    Spells: 2/22 levels left

rFire    + + .     SeeInvis .   a - +2 dagger (venom)
rCold    x . .     Faith    .   (no shield)
rNeg     . . .     Spirit   .   K - +0 steam dragon scales
rPois    ∞         Reflect  .   (no helmet)
rElec    .         Harm     .   (no cloak)
rCorr    .         Rampage  .   s - +0 pair of gloves
Will     .....                  (boots unavailable)
Stlth    ++........             i - amulet of regeneration
HPRegen  1.20/turn              q - +6 ring of dexterity
MPRegen  0.00/turn              u - +6 ring of intelligence

@: flying
A: fire resistance 2, cold vulnerability 1, float, innate caster, hp casting,
extra vitality 1
a: Renounce Religion


You were on level 6 of the Dungeon.
You worshipped Makhleb.
Makhleb was aware of your devotion.
You visited 2 branches of the dungeon, and saw 8 of its levels.

You collected 459 gold pieces.

Inventory:

Hand Weapons
 a - a +2 dagger of venom (weapon)
 b - a +0 fustibalus
 w - a +0 rapier
 G - a +0 trident
 J - a +1 broad axe of flaming
Missiles
 d - 29 bolts
 e - 48 sling bullets
 j - 222 stones
 o - 7 atropa-tipped darts (quivered)
 v - 16 poisoned darts
 E - 2 boomerangs
Armour
 s - a +0 pair of gloves (worn)
 K - +0 steam dragon scales (worn)
Magical Staves
 h - a staff of air
Jewellery
 i - an amulet of regeneration (around neck)
 q - a +6 ring of dexterity (right hand)
 u - a +6 ring of intelligence (left hand)
 B - an amulet of the acrobat
 F - a ring of ice
Wands
 z - a wand of iceblast (4)
 H - a wand of polymorph (9)
 I - a wand of acid (9)
Scrolls
 f - 2 scrolls of blinking
 m - a scroll of random uselessness {unknown}
 t - 2 scrolls of enchant weapon {unknown}
 x - a scroll of fog
 C - a scroll of immolation {unknown}
 L - a scroll of brand weapon {unknown}
 M - a scroll of magic mapping {unknown}
 N - a scroll of acquirement {unknown}
Potions
 c - 2 potions of mutation {unknown}
 g - a potion of resistance
 l - a potion of heal wounds
 n - 5 potions of curing
 p - 2 potions of haste
 r - 3 potions of attraction {unknown}
 y - 2 potions of invisibility {unknown}
 A - a potion of berserk rage {unknown}
 D - a potion of might {unknown}


   Skills:
 + Level 5.2 Fighting
 - Level 2.4 Slings
 + Level 4.5 Armour
 - Level 5.0 Dodging
 - Level 1.5 Stealth
 - Level 7.0 Spellcasting
 - Level 3.0 Invocations


You had 2 spell levels left.
You knew the following spells:

 Your Spells              Type           Power      Damage    Failure   Level
a - Magic Dart            Conj           100%       1d8       1%          1
b - Searing Ray           Conj           94%        3d6       1%          2
c - Dazzling Flash        Conj/Hex       94%        N/A       1%          3
d - Fulminant Prism       Conj/Hex       23%        3d13      3%          4
e - Iskenderun's Mystic   Conj/Tloc      47%        2d10      3%          4
f - Pain                  Necr           100%       1d9       1%          1
g - Swiftness             Air            47%        N/A       1%          2
h - Tukima's Dance        Hex            47%        N/A       1%          3
Your spell library was empty.

Dungeon Overview and Level Annotations

Branches:
Dungeon (7/15)             Temple (1/1) D:4

Altars:
Ashenzari
Cheibriados
Elyvilon
Gozag
Hepliaklqana
Kikubaaqudgha
Makhleb
Okawaru
Qazlal
Ru
Sif Muna
Uskayaw
Vehumet
Wu Jian
Xom
Yredelemnul
Zin
The Shining One


Innate Abilities, Weirdness & Mutations

You are immune to poison.
Your flesh is very heat resistant. (rF++)
You are vulnerable to cold. (rC-)
You float through the air rather than walking.
You learn spells naturally, not from books.
Your magical power is your life essence.
You have superior vitality. (+4 HP)


Message History

The orc warrior shouts!
You hit the bullfrog.
The bullfrog is almost dead.
The bullfrog barely misses you.
You miss the bullfrog.
The bullfrog is almost dead.
The bullfrog completely misses you.
The bullfrog hits you but does no damage.
You hit the bullfrog.
The bullfrog is poisoned.
The bullfrog is almost dead.
The bullfrog closely misses you.
You hit the bullfrog.
You kill the bullfrog!
Makhleb accepts your kill.
An orc comes into view. It is wielding a +0 dagger.
The orc warrior hits you with a +0 war axe!
You fly upwards.
There is a stone staircase leading down here.
Casting: Fulminant Prism (dangerous; 3% risk of failure)
Confirm with . or Enter, or press ? or * to list all spells.
Aiming: Searing Ray (safe; 1% risk of failure)
Press: ? - help, Shift-Dir - straight line, f - orc warrior
Aim: an orc warrior, wielding a +0 war axe and wearing a +0 chain mail (20% to evade)
The searing ray misses the orc warrior. (Press . to maintain the ray.)
The orc warrior hits you with a +0 war axe!
The searing ray hits the orc warrior!
The orc warrior is moderately wounded.
The orc warrior hits you with a +0 war axe!!
The searing ray hits the orc warrior.
The orc warrior is heavily wounded.
* * * LOW HITPOINT WARNING * * *
The orc warrior hits you with a +0 war axe!
* * * LOW HITPOINT WARNING * * *
The searing ray hits the orc warrior.
The orc warrior is severely wounded.
* * * LOW HITPOINT WARNING * * *
You finish channeling your searing ray.
The orc warrior hits you with a +0 war axe!!
You die...

.........#............# #.#....
##.#####.#.##..#+###.## #.#####
##.......#.###.#.###.# #.#
.....................# ####'#####
##########.####..#######.........
.......................).........
...........####...######.........
........#### #...# #..)......
......#.# #.@.######.........
####.##.# #.o......#.........
.....##.# #...####.#.........
#######.# #...# #.########## #.#
##..# #.# #######.# #..# #.#
......#.# #..# #.# ......#.# #..#
#.# .######.########..# #.#


You could see an orc warrior.

Vanquished Creatures
  Maggie (D:6)
  A necrophage (D:6)
  2 ogres (D:6)
  2 sky beasts (D:5)
  A phantom (D:6)
  3 bullfrogs
  2 scorpions
  4 wights (D:6)
  A howler monkey (D:6)
  2 centaur zombies
  A bullfrog skeleton (D:5)
  7 orc priests
  A bullfrog zombie (D:5)
  3 centaur skeletons
  2 iguanas (D:7)
  3 orc wizards (D:4)
  2 worker ants
  3 adders
  2 shadow imps
  A white imp (D:5)
  An ufetubus (D:7)
  An adder zombie (D:6)
  3 adder skeletons (D:5)
  3 worms (D:2)
  A dart slug (D:5)
  23 orcs
  5 ball pythons
  A giant cockroach (D:1)
  7 goblins
  6 hobgoblins
  8 oozes
  9 quokkas
  4 bats
  6 frilled lizards
  5 kobolds
  A quokka skeleton (D:4)
  A quokka zombie (D:7)
  4 rats
133 creatures vanquished.

Vanquished Creatures (others)
  5 fulminant prisms
  A plant (D:3)
6 creatures vanquished.

Grand Total: 139 creatures vanquished

Notes
Turn   | Place    | Note
-------+----------+-------------------------------------------
     0 | D:1      | porpoise the Djinni Conjurer began the quest for the Orb.
     0 | D:1      | Reached XP level 1. HP: 15/15 MP: 0/0
   354 | D:1      | Reached skill level 1 in Fighting
   354 | D:1      | Reached XP level 2. HP: 14/22 MP: 0/0
  1340 | D:1      | Reached skill level 4 in Spellcasting
  1340 | D:1      | Reached XP level 3. HP: 28/28 MP: 0/0
  1340 | D:1      | Learned a level 1 spell: Pain
  2792 | D:3      | Found a radiant altar of Vehumet.
  2943 | D:3      | Reached XP level 4. HP: 24/34 MP: 0/0
  3183 | D:3      | Found a stormy altar of Qazlal.
  3342 | D:3      | Reached XP level 5. HP: 39/40 MP: 0/0
  3342 | D:3      | Learned a level 2 spell: Swiftness
  4191 | D:4      | Reached skill level 5 in Spellcasting
  4191 | D:4      | Reached XP level 6. HP: 45/47 MP: 0/0
  4930 | D:4      | Found a staircase to the Ecumenical Temple.
  4947 | Temple   | Entered the Ecumenical Temple
  5141 | Temple   | Became a worshipper of Makhleb the Destroyer
  5254 | D:5      | Entered Level 5 of the Dungeon
  5517 | D:5      | Found a broken altar of Ashenzari.
  5832 | D:5      | Reached skill level 5 in Fighting
  5832 | D:5      | Reached XP level 7. HP: 54/54 MP: 0/0
  5832 | D:5      | Learned a level 3 spell: Tukima's Dance
  6662 | D:6      | Reached skill level 5 in Dodging
  6673 | D:6      | Reached skill level 1 in Slings
  6673 | D:6      | Reached XP level 8. HP: 58/59 MP: 0/0
  6928 | D:6      | Noticed Maggie
  6936 | D:6      | Killed Maggie
  6937 | D:6      | Reached skill level 1 in Armour
  6937 | D:6      | Reached skill level 6 in Spellcasting
  6937 | D:6      | Reached skill level 1 in Invocations
  7254 | D:6      | Reached * piety under Makhleb
  7529 | D:6      | Reached XP level 9. HP: 64/65 MP: 0/0
  8032 | D:6      | Reached skill level 7 in Spellcasting
  8195 | D:7      | Noticed a cyclops
  8195 | D:7      | Noticed a centaur warrior
  8199 | D:7      | Noticed a red ugly thing
  8202 | D:7      | Noticed a brown ugly thing
  8272 | D:6      | Mangled by an orc warrior

Illustrated notes

Levels and vault maps discovered:
D:1:      roderic_crossed_star, layout_loops_ring, serial_bayou_lagoon_a,
          hangedman_glass_teeth, chequers_serial_rivers_micro_b,
          minmay_three_crescents
D:2:      layout_basic
D:3:      layout_basic, nicolae_vehumet_altar_sigil, serial_forest,
          infiniplex_forest_lined_corner, infiniplex_forest_end_3,
          infiniplex_forest_straight_3, infiniplex_forest_clump_medium,
          infiniplex_forest_clump_diagonal, hangedman_decor_diamond_cutter,
          grunt_qazlal_sundering
D:4:      layout_basic, minmay_temple_entry_hall, portal_sewer_entry_e
D:5:      layout_loops_cross, lemuel_doored_altar
D:6:      layout_basic, uniq_maggie
D:7:      nzn_winding_woodlands_large [nzn_winding_woodlands_5x5_open_star,
          nzn_winding_woodlands_5x15_default,
          nzn_winding_woodlands_5x5_checkerboard,
          nzn_winding_woodlands_center_triple_pond,
          nzn_winding_woodlands_15x15_killbox,
          nzn_winding_woodlands_center_lodge,
          nzn_winding_woodlands_5x5_closed_star,
          nzn_winding_woodlands_5x15_default, nzn_winding_woodlands_5x5_cross],
          layout_basic, basic_altar
Temple:   eino_temple_rhombus

Skill      XL: |  1  2  3  4  5  6  7  8  9 |
---------------+----------------------------+-----
Fighting       | 1 2 3 4 5 |  5.2
Spellcasting   | 4 5 6 7 |  7.0
Dodging        | 3 5 |  5.0
Slings         | 1 2 |  2.4
Armour         | 3 4 |  4.5
Invocations    | 3 |  3.0
Stealth        | |  1.5

Action                   |  1- 3 |  4- 6 |  7- 9 || total
-------------------------+-------+-------+-------++-------
Melee: Short sword       |    30 |       |       ||    30
       Dagger            |    21 |    34 |    13 ||    68
       Rapier            |     4 |       |     2 ||     6
       Broad axe         |       |       |     3 ||     3
 Fire: Fustibalus        |       |     3 |    37 ||    40
Throw: Dart              |       |     1 |     1 ||     2
 Cast: Magic Dart        |    38 |    27 |     5 ||    70
       Searing Ray       |     5 |    14 |    25 ||    44
       Fulminant Prism   |       |     3 |     2 ||     5
       Tukima's Dance    |       |       |     2 ||     2
Evoke: Wand              |       |       |     4 ||     4
  Use: Scroll            |       |    11 |     1 ||    12
       Potion            |       |       |     1 ||     1
 Stab: Sleeping          |       |     1 |     1 ||     2
Armor: Robe              |    10 |     9 |     2 ||    21
       Steam dragon scal |       |       |    10 ||    10
Dodge: Dodged            |    35 |    33 |    48 ||   116

Table legend: (Time is in decaauts)
 A = Elapsed time spent in this place.
 B = Non-inter-level travel time spent in this place.
 C = Inter-level travel time spent in this place.
 D = Time resting spent in this place.
 E = Time spent auto-exploring this place.
 F = Levels seen in this place.
 G = Mean time per level.
                   A        B        C        D        E       F      G
               +--------+--------+--------+--------+--------+-----+--------+
         Total |   8274 |   7902 |    372 |   3105 |   3825 |   8 | 1034.2 |
       Dungeon |   8073 |   7724 |    349 |   3105 |   3649 |   7 | 1153.3 |
        Temple |    200 |    177 |     23 |      0 |    176 |   1 |  200.0 |
               +--------+--------+--------+--------+--------+-----+--------+

Top non-repeatable levels by time:
     D:1: 1809 daAuts
     D:6: 1441 daAuts
     D:3: 1343 daAuts
     D:5: 1259 daAuts
     D:4: 1147 daAuts
     D:2: 883 daAuts
  Temple: 200 daAuts
     D:7: 189 daAuts
